 Dungeon Crawl Stone Soup version 0.25-b1-39-g0d900dab71 (webtiles) character file.

Game seed: 6806011445660463751

231306 diana the Severer (level 18, -1/153 HPs)
             Began as a Demonspawn Berserker on June 7, 2020.
             Was a Follower of Makhleb.
             Slain by a stone giant (35 damage)
             ... created by the rage of Trog
             ... on level 2 of the Shoals.
             The game lasted 01:00:13 (34038 turns).

diana the Severer (Demonspawn Berserker)           Turns: 34038, Time: 01:00:14

Health: -1/153     AC: 23    Str: 33    XL:     18   Next: 79%
Magic:  10/10      EV:  8    Int: 10    God:    Makhleb [*.....]
Gold:   2533       SH: 30    Dex: 13    Spells: 17/17 levels left

rFire    + + .     SeeInvis .   X - +9 broad axe (antimagic)
rCold    + . .     Gourm    .   v - +2 tower shield
rNeg     + . .     Faith    .   D - +0 plate armour
rPois    +         Spirit   .   (helmet unavailable)
rElec    +         Reflect  +   T - scarf {rC+ rF+}
rCorr    .         Harm     .   E - +1 pair of gloves
MR       +....                  K - +0 pair of boots (curse)
Stlth    ..........             j - amulet "Oblob" {Reflect rF+ rN+ Str-3 SH+5 Stlth+}
HPRegen  0.35/turn              z - ring of Ephemeral Luck {rElec rPois rF- MP+9 Str+6}
MPRegen  0.12/turn              W - +6 ring of strength

@: very slightly contaminated, slowed, glowing, very slow
A: horns 3, rugged brown scales 2, fire resistance 1, ignite blood, powered by
death 2, flame cloud immunity
}: 1/15 runes: gossamer
a: Renounce Religion


You were on level 2 of the Shoals.
You worshipped Makhleb.
Makhleb was aware of your devotion.
You were not hungry.

You visited 7 branches of the dungeon, and saw 32 of its levels.
You also visited: Bailey, Ice Cave and Volcano.

You collected 3556 gold pieces.
You spent 1023 gold pieces at shops.

Inventory:

Hand Weapons
 R - the +7 broad axe "Werushru" {flame, Str+4}
   (Trog gifted it to you on level 2 of the Orcish Mines)

   It has been specially enchanted to burn those struck by it, causing extra
   injury to most foes and up to half again as much damage against particularly
   susceptible opponents.
   Big, fiery blades are also staple armaments of hydra-hunters.
   It affects your strength (+4).
 X - a +9 antimagic broad axe (weapon)
Missiles
 i - 12 silver javelins
 H - 5 throwing nets (quivered)
Armour
 v - a +2 tower shield (worn)
 D - a +0 plate armour (worn)
 E - a +1 pair of gloves (worn)
 K - a cursed +0 pair of boots (worn)
 T - a scarf of resistance (worn)
Jewellery
 j - the amulet "Oblob" (around neck) {Reflect rF+ rN+ Str-3 SH+5 Stlth+}
   (You found it on level 3 of the Spider Nest)

   [amulet of reflection]

   It shields you and reflects attacks.
   It affects your strength (-3).
   It protects you from fire.
   It protects you from negative energy.
   It affects your SH (+5).
   It makes you more stealthy.
 z - the ring of Ephemeral Luck (left hand) {rElec rPois rF- MP+9 Str+6}
   (You found it on level 5 of the Dungeon)

   [ring of magical power]

   It affects your strength (+6).
   It makes you vulnerable to fire.
   It insulates you from electricity.
   It protects you from poison.
   It affects your magic capacity (+9).
 U - an uncursed ring of see invisible
 W - a +6 ring of strength (right hand)
Wands
 a - a wand of flame (48)
 g - a wand of digging (5)
 G - a wand of clouds (13)
 I - a wand of acid (8)
 Q - a wand of iceblast (3)
 Z - a wand of disintegration (23)
Scrolls
 d - 4 scrolls of magic mapping
 f - 13 scrolls of remove curse
 h - 2 scrolls of brand weapon
 l - 2 scrolls of silence
 n - 4 scrolls of enchant weapon
 s - 13 scrolls of teleportation
 x - a scroll of torment
 y - 2 scrolls of blinking
 C - 4 scrolls of immolation
 F - a scroll of identify
 O - 7 scrolls of vulnerability
 P - 4 scrolls of fear
 V - 7 scrolls of enchant armour
 Y - 2 scrolls of fog
Potions
 b - 6 potions of berserk rage
 e - a potion of invisibility
 k - 9 potions of haste
 m - 4 potions of stabbing {unknown}
 o - 4 potions of lignification
 p - 13 potions of heal wounds
 r - 11 potions of curing
 t - 7 potions of might
 u - 10 potions of ambrosia
 w - 2 potions of brilliance {unknown}
 A - 5 potions of cancellation
 B - 7 potions of resistance
 J - 2 potions of flight {unknown}
 L - 7 potions of magic {unknown}
 M - a potion of experience {unknown}
 N - 5 potions of mutation {unknown}
Comestibles
 c - 63 rations
 q - 5 chunks of flesh


   Skills:
 - Level 14.0 Fighting
 + Level 17.2 Axes
 - Level 15.5 Armour
 - Level 1.7 Dodging
 - Level 16.5 Shields
 + Level 5.6 Invocations


You had 17 spell levels left.
You didn't know any spells.
Your spell library contained the following spells:

 Spells                   Type           Power        Failure   Level  Hunger
 Ignite Poison            Fire/Tmut/Pois #.......     100%        3    ####...
 Fireball                 Conj/Fire      #.........   100%        5    ######.
 Starburst                Conj/Fire      #.........   100%        6    #######
 Ring of Flames           Chrm/Fire      #.........   100%        7    #######
 Ignition                 Fire           #.........   100%        8    #######


Dungeon Overview and Level Annotations

Branches:
Dungeon (15/15)            Temple (1/1) D:4            Lair (6/6) D:8
 Shoals (2/4) Lair:4       Spider (4/4) Lair:3        Slime (0/5) Lair:6
    Orc (2/2) D:11            Elf (2/3) Orc:2        Vaults (0/5) D:14
 Depths (0/5) D:15         Bailey (visited)           IceCv (visited)
Volcano (visited)

Altars:
Ashenzari
Cheibriados
Dithmenos
Elyvilon
Fedhas
Hepliaklqana
Kikubaaqudgha
Makhleb
Nemelex Xobeh
Okawaru
Qazlal
Ru
Sif Muna
Trog
Uskayaw
Vehumet
Wu Jian
Xom
Yredelemnul
Zin
The Shining One
Beogh

Shops:
D:14 *   D:15 **   Orc:2 *[(*   Elf:1 :


Innate Abilities, Weirdness & Mutations

You have a pair of large horns on your head.
You are mostly covered in rugged brown scales. (AC +2, +5% HP)
Your flesh is heat resistant. (rF+)
Your demonic aura causes spilled blood to erupt in flames.
You regenerate health from kills.
You are immune to clouds of flame.


Message History

The stone giant is engulfed in blazing flames.
The stone giant hits you!!
* * * LOW HITPOINT WARNING * * *
Unknown command.
Unknown command.
Blink to where?
Press: ? - help, Dir - move target cursor You are very lightly contaminated with residual magic.
As you read the scroll of blinking, it crumbles to dust.
The black bear is engulfed in blazing flames.
You kill the black bear!
That felt strangely unrewarding.
The polar bear is engulfed in blazing flames.
You kill the polar bear!
That felt strangely unrewarding.
The stone giant is engulfed in blazing flames.
The ogre is engulfed in blazing flames.
The stone giant is engulfed in blazing flames.
The stone giant hits you!!
You die...

≈≈≈≈.<. ..≈≈...## .
...≈....## ...
≈≈≈......###..≈
≈≈≈≈......#.. ≈≈≈....
≈≈≈≈≈..).$.###..≈≈...##
≈≈≈≈≈.......##...≈....##
≈≈≈≈≈..@............#...
≈≈....§C.§$.......# #...
≈≈≈...§OC☼..≈....# ##..≈
≈≈≈≈.§☼§≈≈≈.≈≈...###..≈≈
≈≈≈...()≈)..≈..# #....≈≈
≈≈≈......).....###..≈≈≈≈
≈≈≈.###......≈...#..≈≈≈.
≈≈≈. #......(.)....≈≈≈.
≈≈≈ ####.....)....≈≈≈.


You could see a stone giant (berserk), a cyclops (berserk) and an ogre
(berserk).

Vanquished Creatures
  Nikola (Spider:1)
  Arachne (Spider:2)
  Jorgrun (D:13)
  Frances (Elf:1)
  A deep elf blademaster (Elf:2)
  Kirke (D:13)
  Roxanne (Spider:1)
  3 ghost moths
  An orc warlord (Orc:2)
  7 emperor scorpions
  2 entropy weavers (Spider:1)
  A stone giant (Shoals:1)
  3 very ugly things
  A deep elf annihilator (Elf:2)
  2 spark wasps
  A dire elephant (D:15)
  A merfolk javelineer (Shoals:1)
  Josephine (D:13)
  2 merfolk impalers
  11 hydras
  Harold (D:10)
  5 two-headed ogres
  3 centaur warriors
  A merfolk avatar (Shoals:1)
  2 shambling mangroves (Lair:3)
  A queen ant (Spider:1)
  26 dancing weapons
  A merfolk aquamancer (Shoals:1)
  6 death yaks (Lair:6)
  2 tengu warriors (D:13)
  Urug (Lair:1)
  3 orc high priests
  13 deep elf knights
  6 skeletal warriors
  A fire crab (Lair:6)
  3 sea snakes (Shoals:1)
  4 unseen horrors
  8 deep elf archers
  2 wizards (D:12)
  A lindwurm (Lair:2)
  38 wolf spiders
  An orc knight (Orc:2)
  Pikel (D:6)
  7 harpies
  A wolf spider zombie (D:15)
  5 manticores
  15 fauns
  45 deep elf magi
  2 moths of wrath
  18 orb spiders
  2 orc sorcerers (Orc:2)
  6 cyclopes
  9 ugly things
  4 merfolk sirens
  20 elephants
  Joseph (D:8)
  5 black mambas
  5 ice statues (IceCv)
  11 spiny frogs
  2 naga magi
  2 torpor snails
  5 gargoyles
  16 demonic crawlers
  2 kobold demonologists
  7 rime drakes
  3 efreet
  10 komodo dragons
  An anaconda simulacrum (IceCv)
  6 trolls
  A golden dragon simulacrum (IceCv)
  2 wandering mushrooms (Lair:3)
  A queen bee (Lair:4)
  7 polar bears
  6 meliai
  8 merfolk
  12 hornets
  A wind drake (Lair:6)
  12 blink frogs
  31 jumping spiders
  Prince Ribbit (D:9)
  2 harpy skeletons
  6 dream sheep
  4 snapping turtles (Shoals:1)
  3 flying skulls (Volcano)
  7 hippogriffs
  2 air elementals (Elf:1)
  7 water elementals
  59 redbacks
  7 wraiths
  21 tarantellas
  A dire elephant simulacrum (IceCv)
  Grum (D:9)
  A vampire (D:12)
  3 wyverns
  4 basilisks
  26 yaks
  An alligator skeleton (Volcano)
  2 steam dragons (Shoals:1)
  A fire elemental (Elf:1)
  4 hogs (D:13)
  6 vampire mosquitoes
  3 hungry ghosts
  6 wargs
  2 iron troll simulacra (IceCv)
  4 insubstantial wisps (Lair:1)
  A harpy simulacrum (IceCv)
  11 soldier ants (Spider:1)
  2 hydra simulacra (IceCv)
  An acid dragon (D:12)
  9 water moccasins
  3 porcupines
  2 swamp drakes (Lair:1)
  8 ice beasts
  A sky beast (D:8)
  5 black bears
  An eye of draining (shapeshifter) (Elf:2)
  A hornet zombie (D:15)
  46 orc warriors
  4 phantoms
  An ettin simulacrum (IceCv)
  18 ogres
  16 wolves
  18 centaurs
  16 crocodiles
  10 big kobolds
  15 bullfrogs
  A wyvern skeleton (D:12)
  5 scorpions
  27 killer bees
  A water moccasin skeleton (D:7)
  2 troll skeletons (Volcano)
  A spriggan skeleton (Volcano)
  14 wights
  5 electric eels
  4 howler monkeys
  11 crimson imps
  7 bullfrog zombies
  A quasit (D:9)
  17 orc priests
  A centaur skeleton (D:6)
  3 centaur zombies
  3 bullfrog skeletons
  3 gnoll shamans (D:10)
  7 hounds
  3 jellies (Lair:6)
  32 orc wizards
  3 iguanas
  31 worker ants
  A killer bee zombie (D:5)
  2 hound skeletons
  25 gnolls
  2 howler monkey skeletons
  A howler monkey zombie (D:7)
  13 adders
  2 shadow imps
  4 oozes (Lair:6)
  An adder zombie (D:5)
  An adder skeleton (D:5)
  2 worms (D:2)
  2 dart slugs (D:3)
  8 leopard geckos
  95 orcs
  7 giant cockroaches
  14 hobgoblins
  12 jackals
  4 quokkas
  3 ball pythons
  6 bats
  A frilled lizard (D:2)
  8 goblins
  37 kobolds
  A leopard gecko skeleton (D:5)
  A quokka skeleton (D:4)
  8 rats
  6 fungi
  16 plants
1302 creatures vanquished.

Vanquished Creatures (collateral kills)
  Fannar (D:11)
  A merfolk avatar (Lair:6)
  A two-headed ogre (D:8)
  A troll (D:11)
  3 wights (D:11)
  A crimson imp (D:8)
  A quasit (D:8)
  An orc priest (D:11)
  An orc (D:11)
11 creatures vanquished.

Vanquished Creatures (others)
  A deep elf knight (Elf:2)
  A jumping spider (Spider:4)
  3 slaves (D:6)
  An orc priest (D:6)
  A jelly (D:6)
  2 orcs
  15 fungi
  18 plants
42 creatures vanquished.

Grand Total: 1355 creatures vanquished

Notes
Turn   | Place    | Note
-------+----------+-------------------------------------------
     0 | D:1      | diana the Demonspawn Berserker began the quest for the Orb.
     0 | D:1      | Reached XP level 1. HP: 18/18 MP: 1/1
   631 | D:1      | Gained mutation: You are partially covered in rugged brown
                  | scales. (AC +1, +3% HP) [demonic ancestry]
   631 | D:1      | Reached XP level 2. HP: 14/24 MP: 2/2
   820 | D:2      | Reached skill level 3 in Axes
   913 | D:2      | Found a white marble altar of Elyvilon.
  1179 | D:2      | Gained mutation: You have a pair of small horns on your
                  | head. [demonic ancestry]
  1179 | D:2      | Reached XP level 3. HP: 20/29 MP: 3/3
  1757 | D:2      | Reached ** piety under Trog
  1809 | D:2      | Found a basalt altar of Yredelemnul.
  2081 | D:3      | Gained mutation: You regenerate a little health from kills.
                  | [demonic ancestry]
  2081 | D:3      | Reached XP level 4. HP: 24/38 MP: 4/4
  2196 | D:3      | Found an iron altar of Okawaru.
  2435 | D:3      | Gained mutation: Your flesh is heat resistant. (rF+)
                  | [demonic ancestry]
  2435 | D:3      | Reached XP level 5. HP: 15/43 MP: 5/5
  2469 | D:3      | Found a shadowy altar of Dithmenos.
  2631 | D:3      | Found a shimmering altar of Xom.
  2655 | D:3      | Reached skill level 1 in Shields
  2664 | D:3      | Reached skill level 4 in Axes
  2668 | D:3      | Gained mutation: You are immune to clouds of flame.
                  | [demonic ancestry]
  2668 | D:3      | Reached XP level 6. HP: 50/50 MP: 6/6
  3199 | D:4      | Found a staircase to the Ecumenical Temple.
  3779 | D:4      | Reached *** piety under Trog
  4152 | D:5      | Entered Level 5 of the Dungeon
  4177 | D:5      | Reached XP level 7. HP: 42/56 MP: 7/7
  4616 | D:5      | Reached skill level 5 in Fighting
  4927 | D:5      | Reached skill level 5 in Axes
  5229 | D:5      | Found a sparkling altar of Nemelex Xobeh.
  5241 | D:5      | Got a smoking lead ring
  5314 | D:6      | Gained mutation: You have a pair of horns on your head.
                  | [demonic ancestry]
  5314 | D:6      | Reached XP level 8. HP: 44/64 MP: 8/8
  5501 | D:6      | Noticed Pikel
  5514 | D:6      | Killed Pikel
  5514 | D:6      | Reached skill level 5 in Armour
  5804 | D:6      | Identified the ring of Ephemeral Luck {rElec rPois rF- MP+9
                  | Str+6} (You found it on level 5 of the Dungeon)
  5827 | D:6      | Reached skill level 6 in Axes
  6060 | D:6      | Found an ornate altar of the Wu Jian Council.
  6093 | D:6      | Reached XP level 9. HP: 34/73 MP: 9/9
  6443 | D:6      | Found a sacrificial altar of Ru.
  6445 | D:6      | Found a bloodstained altar of Trog.
  6898 | D:7      | Reached skill level 5 in Shields
  6910 | D:7      | Reached **** piety under Trog
  6937 | D:7      | Found a stormy altar of Qazlal.
  7281 | D:8      | Noticed Joseph
  7289 | D:8      | Reached skill level 7 in Axes
  7299 | D:8      | Killed Joseph
  7383 | D:8      | Noticed a two-headed ogre
  7397 | D:8      | Killed a two-headed ogre
  7397 | D:8      | Gained mutation: Your demonic aura causes spilled blood to
                  | erupt in flames. [demonic ancestry]
  7397 | D:8      | Reached XP level 10. HP: 81/82 MP: 10/10
  7464 | D:8      | Found a hazy altar of Hepliaklqana.
  7555 | D:8      | Found a staircase to the Lair.
  7825 | D:9      | Noticed Prince Ribbit
  7838 | D:9      | Killed Prince Ribbit
  8066 | D:9      | Noticed a three-headed hydra
  8074 | D:9      | Killed a one-headed hydra
  8074 | D:9      | Reached ***** piety under Trog
  8074 | D:9      | Reached skill level 8 in Axes
  8171 | D:9      | Noticed Grum
  8182 | D:9      | Killed Grum
  8710 | D:10     | Entered Level 10 of the Dungeon
  8897 | D:10     | Killed an unseen horror
  8897 | D:10     | Gained mutation: You have a pair of large horns on your
                  | head. [demonic ancestry]
  8897 | D:10     | Reached XP level 11. HP: 46/91 MP: 11/11
  9079 | D:10     | Noticed a two-headed ogre
  9086 | D:10     | Killed a two-headed ogre
  9612 | D:10     | Noticed Harold
  9627 | D:10     | Killed Harold
  9627 | D:10     | Reached skill level 9 in Axes
 10257 | D:11     | Noticed Fannar
 10259 | D:11     | Noticed a two-headed ogre
 10265 | D:11     | Killed Fannar
 10266 | D:11     | Reached skill level 10 in Fighting
 10266 | D:11     | Killed a two-headed ogre
 10394 | D:11     | Found a flagged portal.
 10414 | Bailey   | Entered a bailey
 10550 | Bailey   | Reached ****** piety under Trog
 10753 | D:11     | Received a gift from Trog
 10840 | D:11     | Killed an unseen horror
 10840 | D:11     | Gained mutation: You are mostly covered in rugged brown
                  | scales. (AC +2, +5% HP) [demonic ancestry]
 10840 | D:11     | Reached XP level 12. HP: 81/102 MP: 12/12
 11088 | D:11     | Found a staircase to the Orcish Mines.
 11095 | Orc:1    | Entered Level 1 of the Orcish Mines
 11187 | Orc:1    | Found a roughly hewn altar of Beogh.
 11350 | Orc:2    | Entered Level 2 of the Orcish Mines
 11536 | Orc:2    | Received a gift from Trog
 11541 | Orc:2    | Reached skill level 10 in Axes
 11560 | Orc:2    | Got a masterwork broad axe {god gift}
 11561 | Orc:2    | Identified the +7 broad axe "Werushru" {flame, Str+4} (Trog
                  | gifted it to you on level 2 of the Orcish Mines)
 11684 | Orc:2    | Found a roughly hewn altar of Beogh.
 11720 | Orc:2    | Found a roughly hewn altar of Beogh.
 11720 | Orc:2    | Noticed an orc high priest
 11721 | Orc:2    | Found Oducs's General Store.
 11727 | Orc:2    | Killed an orc high priest
 11745 | Orc:2    | Bought 2 potions of heal wounds for 130 gold pieces
 11745 | Orc:2    | Bought a scroll of immolation for 45 gold pieces
 11745 | Orc:2    | Bought a scroll of identify for 26 gold pieces
 11778 | Orc:2    | Found a roughly hewn altar of Beogh.
 11982 | Orc:2    | Reached skill level 10 in Armour
 12089 | Orc:2    | Found a roughly hewn altar of Beogh.
 12162 | Orc:2    | Found a staircase to the Elven Halls.
 12201 | Orc:2    | Noticed an orc high priest
 12204 | Orc:2    | Noticed an orc warlord
 12213 | Orc:2    | Killed an orc high priest
 12215 | Orc:2    | Killed an orc warlord
 12217 | Orc:2    | Received a gift from Trog
 12384 | Orc:2    | Found Piasot's Antique Weapon Emporium.
 12386 | Orc:2    | Found a roughly hewn altar of Beogh.
 12387 | Orc:2    | Found Heigal's Antique Armour Shoppe.
 12570 | Orc:2    | Found a roughly hewn altar of Beogh.
 12570 | Orc:2    | Found Cistrorph's General Store.
 12819 | Lair:1   | Entered Level 1 of the Lair of Beasts
 12825 | Lair:1   | Reached skill level 10 in Shields
 12958 | Lair:1   | Reached XP level 13. HP: 111/111 MP: 13/13
 13167 | Lair:1   | Noticed Urug
 13176 | Lair:1   | Killed Urug
 13687 | Lair:2   | Found a dark tunnel.
 13698 | Volcano  | Entered a volcano
 13857 | Volcano  | Received a gift from Trog
 14437 | Lair:2   | Reached skill level 11 in Axes
 15375 | Lair:3   | Found a hole to the Spider Nest.
 15845 | Lair:3   | HP: 4/171 [shambling mangrove (13)]
 15850 | Lair:3   | Got a warped glass ring
 16212 | Lair:3   | Identified the ring of Existentialism {*Slow rPois rF+ rN+
                  | Dex+6} (You found it on level 3 of the Lair of Beasts)
 17195 | Lair:4   | Reached XP level 14. HP: 121/121 MP: 14/14
 17483 | Lair:4   | Received a gift from Trog
 17549 | Lair:4   | Reached skill level 12 in Axes
 17724 | Lair:4   | Found a staircase to the Shoals.
 18776 | Lair:6   | Entered Level 6 of the Lair of Beasts
 19030 | Lair:6   | Found a staircase to the Slime Pits.
 19804 | Lair:6   | Received a gift from Trog
 19868 | Lair:6   | Reached skill level 13 in Axes
 20066 | Lair:6   | Reached XP level 15. HP: 108/132 MP: 15/15
 21520 | D:12     | Found the +12 glaive of Prune {vorpal}
 21720 | D:13     | Noticed Jorgrun
 21736 | D:13     | Killed Jorgrun
 21815 | D:13     | Noticed Josephine
 21824 | D:13     | Killed Josephine
 21831 | D:13     | Received a gift from Trog
 22310 | D:13     | Noticed Kirke
 22321 | D:13     | Killed Kirke
 22376 | D:13     | Got a warped lead amulet
 22402 | D:13     | Identified the amulet "Lysoz" {Inacc rC+} (You found it on
                  | level 13 of the Dungeon)
 22996 | D:14     | Found Agrumm's Assorted Antiques.
 23130 | D:14     | Found a blossoming altar of Fedhas.
 23168 | D:14     | Found a gate to the Vaults.
 23619 | D:15     | Entered Level 15 of the Dungeon
 23644 | D:15     | Found Hibatu's Assorted Antiques.
 23789 | D:15     | Reached skill level 14 in Axes
 23863 | D:15     | Found Nemoum's Assorted Antiques.
 23887 | D:15     | Bought a scroll of teleportation for 105 gold pieces
 23887 | D:15     | Bought a scroll of identify for 70 gold pieces
 23887 | D:15     | Bought a scroll of identify for 70 gold pieces
 23887 | D:15     | Bought a scroll of identify for 70 gold pieces
 23887 | D:15     | Bought a scroll of enchant armour for 262 gold pieces
 23887 | D:15     | Bought a scroll labeled CEIXTI QOWKI for 35 gold pieces
 23935 | D:15     | Found a staircase to the Depths.
 24141 | D:15     | Bought a scroll of enchant armour for 210 gold pieces
 24174 | D:15     | Received a gift from Trog
 24742 | Spider:1 | Entered Level 1 of the Spider Nest
 24807 | Spider:1 | Noticed Roxanne
 24826 | Spider:1 | Killed Roxanne
 24883 | Spider:1 | Gained mutation: You regenerate health from kills. [demonic
                  | ancestry]
 24883 | Spider:1 | Reached XP level 16. HP: 121/139 MP: 8/16
 25116 | Spider:1 | Noticed Nikola
 25125 | Spider:1 | Killed Nikola
 25694 | Spider:1 | Received a gift from Trog
 25700 | Spider:1 | HP: 4/139 [entropy weaver (7)]
 26068 | Spider:2 | Noticed Arachne
 26077 | Spider:2 | Killed Arachne
 26904 | Spider:3 | Reached skill level 15 in Axes
 26966 | Spider:3 | Found a frozen archway.
 27027 | IceCv    | Entered an ice cave
 27031 | IceCv    | Received a gift from Trog
 27620 | Spider:3 | Reached XP level 17. HP: 145/145 MP: 17/17
 27854 | Spider:3 | Reached skill level 15 in Shields
 28014 | Spider:3 | Got a heavily runed ruby amulet
 28316 | Spider:3 | Identified the amulet "Oblob" {Reflect rF+ rN+ Str-3 SH+5
                  | Stlth+} (You found it on level 3 of the Spider Nest)
 28336 | Spider:4 | Entered Level 4 of the Spider Nest
 28466 | Spider:4 | Received a gift from Trog
 28829 | Spider:4 | Received a gift from Trog
 28975 | Spider:4 | Got a gossamer rune of Zot
 29555 | Elf:1    | Entered Level 1 of the Elven Halls
 29562 | Elf:1    | Reached skill level 16 in Axes
 29747 | Elf:1    | Noticed Frances
 29759 | Elf:1    | Killed Frances
 30001 | Elf:1    | Received a gift from Trog
 30209 | Elf:1    | Reached XP level 18. HP: 146/153 MP: 9/18
 30322 | Elf:1    | Found Pinnuas's One-of-a-Kind Books.
 30434 | Elf:1    | Reached skill level 15 in Armour
 31007 | Elf:2    | Found a runed translucent gate.
 31007 | Elf:2    | Found a runed translucent gate.
 31007 | Elf:2    | Found a runed translucent gate.
 31531 | Elf:2    | Received a gift from Trog
 32119 | Temple   | Entered the Ecumenical Temple
 32127 | Temple   | Fell from the grace of Trog
 32127 | Temple   | Became a worshipper of Makhleb the Destroyer
 32332 | Shoals:1 | Entered Level 1 of the Shoals
 32529 | Shoals:1 | Reached skill level 1 in Invocations
 32724 | Shoals:1 | Reached skill level 17 in Axes
 33710 | Shoals:1 | Reached * piety under Makhleb
 33944 | Shoals:2 | Reached skill level 5 in Invocations
 34038 | Shoals:2 | Slain by a stone giant

Illustrated notes

Levels and vault maps discovered:
D:1:      lightli_arrival_boilingwater, layout_rooms
D:2:      layout_loops_ring, kennysheep_ying_yang
D:3:      minmay_razor_zed, layout_loops_ring,
          nicolae_dithmenos_through_a_glass_darkly, overflow_temple_1_default,
          led_xom_imps
D:4:      layout_basic, minmay_temple_entry_glassed_door, first_ration,
          hangedman_abyss_or_decor_lesser_grid
D:5:      minmay_spotlight, layout_loops_cross, lemuel_doored_altar
D:6:      layout_gridville, gammafunk_temple_overflow_statue,
          kennysheep_little_box, chequers_serial_rivers_small_3, minivault_4,
          roderic_serpentine_path, chequers_serial_rivers_micro_b, uniq_pikel
D:7:      layout_rooms, nicolae_qazlal_style_of_elements
D:8:      layout_rooms, lemuel_round_altar, lair_entry_dummy, uniq_joseph
D:9:      layout_roguey, hangedman_ranch [blue_anna_fruit_fields],
          nrook_campfire, solitary_fountain, uniq_grum, uniq_prince_ribbit1
D:10:     kennysheep_seaside_town, layout_loops_ring, uniq_harold
D:11:     layout_big_octagon, orc_0_dummy, enter_bailey_7, uniq_fannar
D:12:     layout_basic, minmay_guarded_unrand_prune
D:13:     layout_loops_corners, grunt_ministairs_2, uniq_kirke, uniq_josephine,
          uniq_jorgrun
D:14:     layout_roguey, david_vaults_1, fedhas_altar_3, serial_shops, shop
D:15:     hangedman_depths_entry_try_elsewhere_first, layout_layer_cave,
          serial_shops, nicolae_shop_window_shopping,
          nicolae_shop_window_shopping, minmay_misc_feat_iff,
          due_unseen_surprise
Temple:   nicolae_temple_x_marks_the_god
Lair:1:   layout_regular_city, minmay_hedge_maze,
          chequers_serial_rivers_small_a, eino_small_chamber_without_monster,
          nicolae_quartered_pool_super, pond, uniq_urug
Lair:2:   layout_chaotic_city, nicolae_volcano_entry_vermiform
Lair:3:   layout_gridlike, spider_nest_entry_a, minmay_lair_oklob_chamber,
          serial_bayou_shore_a
Lair:4:   layout_roguey [special_room_bee], elwin_shoals_entry_rooms,
          grunt_megastairs_5, infiniplex_staircase_pool
Lair:5:   layout_layer_cave
Lair:6:   gammafunk_lair_ancient_temple, layout_hall_layers,
          nicolae_slime_entry_slimehenge, hangedman_lair_generics_rect
Shoals:1: layout_shoals, nicolae_shoals_siren_and_animal_friends
Shoals:2: layout_shoals, serial_shops, shop, lemuel_centaur_altar, uniq_ilsuiw
Spider:1: layout_spider_delve, zaba_antful_of_joy, uniq_roxanne, uniq_nikola
Spider:2: layout_spider_delve, uniq_arachne
Spider:3: layout_spider_delve, portal_ice_cave_entry_ugly_swarm, drop_trap,
          worms_lemuel
Spider:4: grunt_spider_rune_parallel
Orc:1:    layout_caves, basic_altar
Orc:2:    grunt_orc_community_town_hall, layout_diamond_mine,
          grunt_orc_community_big_house_1, grunt_orc_community_big_house_1,
          grunt_orc_community_house_2, grunt_orc_community_house_3,
          grunt_orc_community_house_3, grunt_orc_community_house_3,
          grunt_orc_community_house_1, grunt_orc_community_house_1
Elf:1:    layout_loops_corners, hangedman_elven_crosses_minicolossus,
          nicolae_rare_books, due_unseen_surprise, uniq_frances
Elf:2:    layout_rooms, lemuel_elevator

Skill      XL: |  1  2  3  4  5  6  7  8  9 10 11 12 13 14 15 16 17 18 |
---------------+-------------------------------------------------------+-----
Armour         | 2 3 4 5 7 8 9 10 11 12 13 14 15 | 15.5
Axes           | 3 4 5 6 7 8 9 10 11 13 14 15 16 17 | 17.2
Fighting       | 4 5 6 8 9 10 11 12 14 | 14.0
Shields        | 1 2 3 4 6 7 8 10 11 12 13 14 15 16 | 16.5
Invocations    | 5 |  5.6
Dodging        | |  1.7

Action                   |  1- 3 |  4- 6 |  7- 9 | 10-12 | 13-15 | 16-18 || total
-------------------------+-------+-------+-------+-------+-------+-------++-------
Melee: Hand axe          |   125 |   211 |   362 |   481 |       |       ||  1179
       Headbutt          |     8 |    43 |    75 |   182 |   255 |   255 ||   818
       Broad axe         |       |       |       |   131 |   813 |  1015 ||  1959
       War axe           |       |       |       |    63 |       |       ||    63
Invok: Berserk           |     1 |     2 |     5 |     2 |     2 |     3 ||    15
       Trog's Hand       |       |     1 |       |     1 |     2 |     1 ||     5
       Brothers in Arms  |       |       |     1 |     1 |     1 |       ||     3
Evoke: Wand              |       |       |       |       |    14 |    12 ||    26
  Use: Scroll            |       |       |     6 |     3 |    21 |    13 ||    43
       Potion            |       |       |       |       |     2 |     3 ||     5
 Stab: Invisible         |       |     5 |       |       |       |       ||     5
       Distracted        |       |       |       |     1 |     1 |       ||     2
  Eat: Chunk             |     5 |     7 |    14 |    23 |    36 |    27 ||   112
       Ration            |       |       |     1 |       |     2 |     2 ||     5
Armor: Animal skin       |    40 |    29 |       |       |       |       ||    69
       Chain mail        |       |   117 |   185 |       |       |       ||   302
       Plate armour      |       |       |    47 |   226 |   312 |   444 ||  1029
Dodge: Dodged            |    94 |   139 |   113 |    75 |   124 |   183 ||   728
Block: Tower shield      |       |       |   121 |   594 |   840 |  1303 ||  2858
       Reflection        |       |       |       |       |       |    60 ||    60
